 Dungeon Sprint DCSS version 0.24-a0-244-ga6a6ab7 (webtiles) character file.

Game seed: 3513949357575968581

10647 MikeHunt the Carver (level 11, -10/117 HPs)
             Began as a Naga Fighter on Apr 12, 2019.
             Was a High Priest of Okawaru.
             Killed from afar by a deep elf mage (35 damage)
             ... with a shard of ice
             ... in the Dungeon (Sprint III: "The Ten Rune Challenge").
             The game lasted 00:17:32 (4117 turns).

MikeHunt the Carver (Naga Fighter)                  Turns: 4117, Time: 00:17:33

Health: -10/117    AC: 14    Str: 20    XL:     11   Next: 65%
Magic:  14/14      EV:  9    Int:  8    God:    Okawaru [*****.]
Gold:   1597       SH: 12    Dex: 15    Spells: 10/10 levels left

rFire    . . .     SeeInvis +   a - +2 long sword (holy)
rCold    . . .     Gourm    .   c - +0 shield
rNeg     . . .     Faith    .   z - +0 plate armour
rPois    +         Spirit   .   (no helmet)
rElec    .         Reflect  .   q - +0 cloak
rCorr    .         Harm     .   (no gloves)
MR       +....     NoTele   +   (no barding)
Stlth    ..........             (no amulet)
HPRegen  0.29/turn              (no ring)
MPRegen  0.14/turn              (no ring)

@: short of breath, very slow
A: large, see invisible, deformed body, sense surroundings 1, poison resistance,
slowness 2, slow metabolism 1, spit poison 1, strong 1, wild magic 1, MP-powered
wands, AC +3
a: Spit Poison, Heroism, Finesse, Renounce Religion


You were in the Dungeon.
You worshipped Okawaru.
Okawaru was extremely pleased with you.
You were not hungry.

You visited 1 branch You collected 1702 gold pieces.
You spent 105 gold pieces at shops.

Inventory:

Hand Weapons
 a - a +2 long sword of holy wrath (weapon)
 j - a +0 long sword
Missiles
 m - 2 needles of confusion
 p - 19 stones
 y - 10 steel javelins (quivered) {god gift}
 A - 2 javelins of returning {god gift}
Armour
 b - a +0 scale mail
 c - a +0 shield (worn)
 g - a +0 chain mail
 o - a +0 robe of magic resistance
 q - a +0 cloak (worn)
 z - a +0 plate armour (worn)
Wands
 r - a wand of random effects (18)
Scrolls
 k - a scroll of blinking
 l - a scroll of vulnerability
 t - 2 scrolls of holy word {unknown}
 u - 2 scrolls of identify
 v - 2 scrolls of remove curse
 x - a scroll of enchant weapon {unknown}
Potions
 e - a potion of curing
 h - 2 potions of brilliance {unknown}
 i - 2 potions of magic
 n - a potion of invisibility {unknown}
 s - 3 potions of mutation
 w - a potion of flight {unknown}
Comestibles
 f - 10 rations


   Skills:
 + Level 13.3 Fighting
 - Level 14.0 Long Blades
 + Level 10.3 Armour
 + Level 11.1 Dodging
 - Level 5.6 Stealth
 - Level 9.0 Shields
 - Level 5.3 Invocations


You had 10 spell levels left.
You didn't know any spells.
Your spell library contained the following spells:

 Spells                   Type           Power        Failure   Level  Hunger
 Confusing Touch          Hex            #.....       100%        1    ##.....
 Confuse                  Hex            #.......     100%        3    ####...
 Gell's Gravitas          Tloc           #.........   100%        3    ####...
 Petrify                  Tmut/Erth      #.......     100%        4    #####..
 Metabolic Englaciation   Hex/Ice        #.........   100%        5    ######.
 Yara's Violent Unravell  Hex/Tmut       #.........   100%        5    ######.


Dungeon Overview and Level Annotations

Branches:
Dungeon (1/1)

Altars:
Dithmenos
Elyvilon
Fedhas
Kikubaaqudgha
Okawaru
Qazlal
Ru
Sif Muna
Trog
Uskayaw
Vehumet
Wu Jian
Yredelemnul
Zin
The Shining One
Beogh

Shops:
D *


Innate Abilities, Weirdness & Mutations

You cannot wear boots.
Your serpentine skin is tough. (AC +3)
You have supernaturally acute eyesight. (SInv)
Armour fits poorly on your strangely shaped body.
Your system is resistant to poisons. (rPois)
You cover ground very slowly.
You have a slow metabolism.
You can spit poison.
You passively map a small area around you.
Your muscles are strong. (Str +2)
Your spells are a little harder to cast, but a little more powerful.
You expend magic power (3 MP) to strengthen your wands.


Message History

You feel slightly more hungry.
The deep elf mage gestures wildly while chanting.
You block the deep elf mage's attack.
The deep elf mage points at you and mumbles some strange words.
The shard of ice hits you!!
* * * LOW HITPOINT WARNING * * *
Things that are here:
a +0 long sword; a +0 dagger; an elf corpse You slash the deep elf mage!
The deep elf mage is severely wounded.
You slash the deep elf mage!
The deep elf mage is severely wounded.
You block the deep elf mage's attack.
Okay, then.
Unknown command.
You closely miss the deep elf mage.
The deep elf mage is severely wounded.
The deep elf mage gestures at you while chanting.
The shard of ice hits you!!
You die...

▓▓▓▓▓▓▓▓▓▓▓▓
#####....##.#..#######**
_#__#.#####....'.#...# +
.#._#.........##)#...##≈
##)##........###)#...≈≈≈ , ,
....#........###@#Y..##≈ ≈ *
...)#.###..#.∩##.e...#*,
###'#..#####.######### * *
#...#'###########################
#...#.)..#.#.#.....#......'...≈≈#
#..)##)#..#.##.###.#......#...≈≈#
#...+##)#.#.##)#.)##.^....#...≈≈≈
'...#)))#..#..##.)'.^^....#...≈≈≈
▓▓▓▓▓▓▓▓▓▓▓▓▓▓▓▓▓▓#^......#......


You could see a deep elf mage and an ice beast.

Vanquished Creatures
  Erolcha (D)
  A lindwurm (D)
  An orc sorcerer (D)
  4 deep elf magi (D)
  2 spiny frogs (D)
  A komodo dragon (D)
  A rime drake (D)
  3 wandering mushrooms (D)
  A queen bee (D)
  2 tyrant leeches (D)
  5 blink frogs (D)
  4 redbacks (D)
  A shadow (D)
  A swamp drake (D)
  3 orc warriors (D)
  A necrophage (D)
  5 two-headed ogres (D)
  A water elemental (D)
  32 killer bees (D)
  Crazy Yiuf (D)
  A jelly (D)
  An orc wizard (D)
  A wizard (D)
  Jessica (D)
  A necromancer (D)
  3 humans (D)
  A kobold demonologist (D)
  An ooze (D)
  13 orcs (D)
  2 rats (D)
96 creatures vanquished.

Vanquished Creatures (others)
  2 draconian scorchers (D)
  A deep elf mage (D)
  6 hellions (D)
  2 yaktaurs (D)
11 creatures vanquished.

Grand Total: 107 creatures vanquished

Notes
Turn   | Place    | Note
-------+----------+-------------------------------------------
     0 | D        | MikeHunt the Naga Fighter began the quest for the Orb.
     0 | D        | Reached XP level 1. HP: 21/21 MP: 1/1
    19 | D        | Reached skill level 3 in Long Blades
    90 | D        | Killed a hellion
    91 | D        | Killed a hellion
    93 | D        | Killed a hellion
    95 | D        | Killed a hellion
    95 | D        | Killed a hellion
   127 | D        | Killed a yaktaur
   143 | D        | Killed a hellion
   179 | D        | Noticed Jessica
   181 | D        | Killed Jessica
   181 | D        | Reached skill level 4 in Long Blades
   181 | D        | Reached XP level 2. HP: 28/28 MP: 2/2
   181 | D        | Reached XP level 3. HP: 34/34 MP: 3/3
   195 | D        | Killed a white draconian scorcher
   197 | D        | Killed a white draconian scorcher
   216 | D        | Noticed Crazy Yiuf
   225 | D        | Killed Crazy Yiuf
   225 | D        | Reached skill level 5 in Long Blades
   225 | D        | Reached skill level 5 in Shields
   225 | D        | Reached XP level 4. HP: 42/42 MP: 4/4
   254 | D        | Gained mutation: Your spells are a little harder to cast,
                  | but a little more powerful. [potion of mutation]
   254 | D        | Gained mutation: You passively map a small area around you.
                  | [potion of mutation]
   254 | D        | Gained mutation: You expend magic power (3 MP) to
                  | strengthen your wands. [potion of mutation]
   254 | D        | Gained mutation: Your muscles are strong. (Str +2) [potion
                  | of mutation]
   283 | D        | Reached skill level 6 in Long Blades
   352 | D        | Killed a yaktaur
   491 | D        | Noticed a water elemental
   496 | D        | Killed a water elemental
   496 | D        | Reached skill level 7 in Long Blades
   496 | D        | Reached XP level 5. HP: 49/49 MP: 5/5
   634 | D        | Found a hide-covered altar of Uskayaw.
   634 | D        | Found a roughly hewn altar of Beogh.
   634 | D        | Found an iron altar of Okawaru.
   634 | D        | Found a bloodstained altar of Trog.
   634 | D        | Found an ornate altar of the Wu Jian Council.
   634 | D        | Noticed a human
   635 | D        | Noticed a human
   638 | D        | Became a worshipper of Warmaster Okawaru
   652 | D        | Killed a human
   652 | D        | Reached skill level 9 in Long Blades
   652 | D        | Reached XP level 6. HP: 20/56 MP: 6/6
   658 | D        | Killed a human
   658 | D        | Reached * piety under Okawaru
   658 | D        | Reached skill level 10 in Long Blades
   676 | D        | Found a radiant altar of Vehumet.
   677 | D        | Found a deep blue altar of Sif Muna.
   677 | D        | Found an ancient bone altar of Kikubaaqudgha.
   679 | D        | Reached XP level 7. HP: 26/62 MP: 4/7
   682 | D        | Reached skill level 1 in Dodging
   696 | D        | Found a glowing silver altar of Zin.
   696 | D        | Found a glowing golden altar of the Shining One.
   696 | D        | Found a white marble altar of Elyvilon.
   697 | D        | Noticed a deep elf mage
   705 | D        | Killed a deep elf mage
   705 | D        | Reached skill level 5 in Fighting
   705 | D        | Reached skill level 11 in Long Blades
   875 | D        | Found a basalt altar of Yredelemnul.
   875 | D        | Found a shadowy altar of Dithmenos.
   875 | D        | Found a sacrificial altar of Ru.
   879 | D        | Reached XP level 8. HP: 48/75 MP: 11/11
  1019 | D        | Reached ** piety under Okawaru
  1020 | D        | Noticed a shadow
  1027 | D        | Killed a shadow
  1027 | D        | Reached skill level 5 in Invocations
  1092 | D        | Reached skill level 5 in Stealth
  1354 | D        | Noticed a two-headed ogre
  1364 | D        | Killed a two-headed ogre
  1364 | D        | Reached skill level 12 in Long Blades
  1364 | D        | Reached skill level 5 in Dodging
  1689 | D        | Reached *** piety under Okawaru
  1704 | D        | Noticed an orc sorcerer
  1706 | D        | Reached XP level 9. HP: 81/86 MP: 12/12
  1712 | D        | Killed an orc sorcerer
  1712 | D        | Received a gift from Okawaru
  2152 | D        | Found a blossoming altar of Fedhas.
  2153 | D        | Found a stormy altar of Qazlal.
  2174 | D        | Found Rani's General Store.
  2206 | D        | Bought a potion of curing for 30 gold pieces
  2206 | D        | Bought a scroll of vulnerability for 75 gold pieces
  2231 | D        | Noticed a two-headed ogre
  2231 | D        | Noticed Erolcha
  2252 | D        | Received a gift from Okawaru
  2252 | D        | Reached skill level 5 in Armour
  2255 | D        | Killed a two-headed ogre
  2257 | D        | Killed Erolcha
  2257 | D        | Reached **** piety under Okawaru
  2257 | D        | Reached skill level 10 in Fighting
  2257 | D        | Reached XP level 10. HP: 98/102 MP: 13/13
  2261 | D        | Received a gift from Okawaru
  2330 | D        | Noticed a spiny frog
  2330 | D        | Noticed a spiny frog
  2336 | D        | Killed a spiny frog
  2345 | D        | Killed a spiny frog
  2665 | D        | Received a gift from Okawaru
  2870 | D        | Reached skill level 13 in Long Blades
  2878 | D        | Reached XP level 11. HP: 75/114 MP: 14/14
  3069 | D        | Reached skill level 10 in Dodging
  3089 | D        | HP: 3/114 [tyrant leech (25)]
  3726 | D        | Reached ***** piety under Okawaru
  3889 | D        | Noticed a lindwurm
  3898 | D        | Killed a lindwurm
  4085 | D        | Noticed a deep elf mage
  4085 | D        | Noticed a deep elf mage
  4085 | D        | Noticed a deep elf mage
  4085 | D        | Noticed a deep elf mage
  4085 | D        | Noticed a deep elf mage
  4093 | D        | Killed a deep elf mage
  4100 | D        | Killed a deep elf mage
  4100 | D        | Reached skill level 14 in Long Blades
  4100 | D        | Reached skill level 10 in Armour
  4109 | D        | Killed a deep elf mage
  4112 | D        | Killed a deep elf mage
  4117 | D        | Killed from afar by a deep elf mage

Levels and vault maps discovered:
D:        dungeon_sprint_mu [sprint_mu_entry_forest, sprint_mu_temple_rooms,
          sprint_mu_d1_spiders, sprint_mu_d2_genie, sprint_mu_d3_branching,
          sprint_mu_orc_legion, sprint_mu_elf_gauntlet, sprint_mu_hive_nellie,
          sprint_mu_lair_fedhas, sprint_mu_vaults_butterflies,
          sprint_mu_slime_circle, sprint_mu_shoals_kraken,
          sprint_mu_snake_twists, sprint_mu_blade_basic, sprint_mu_crypt_lich,
          sprint_mu_tomb_spiral, sprint_mu_vestibule_basic,
          sprint_mu_gehenna_hellfire, sprint_mu_dis_giant,
          sprint_mu_tartarus_statrot, sprint_mu_cocytus_islands, sprint_mu_zot1]

Skill      XL: |  1  2  3  4  5  6  7  8  9 10 11 |
---------------+----------------------------------+-----
Long Blades    | 4 5 7 9 10 11 12 13 14 | 14.0
Shields        | 4 5 6 7 9 |  9.0
Dodging        | 3 5 8 9 11 | 11.1
Fighting       | 5 7 10 11 13 | 13.3
Invocations    | 4 5 |  5.3
Stealth        | 5 |  5.6
Armour         | 3 6 8 10 | 10.3

Action                   |  1- 3 |  4- 6 |  7- 9 | 10-12 || total
-------------------------+-------+-------+-------+-------++-------
Melee: Long sword        |    12 |    37 |   132 |   317 ||   498
Throw: Stone             |       |       |     4 |       ||     4
       Javelin           |       |       |       |    22 ||    22
Invok: Heroism           |       |     1 |     3 |     6 ||    10
 Abil: Spit Poison       |     3 |     4 |    14 |     9 ||    30
  Use: Potion            |       |     5 |     2 |     1 ||     8
       Scroll            |       |       |     1 |     1 ||     2
 Stab: Sleeping          |       |       |     1 |       ||     1
       Distracted        |       |       |     1 |       ||     1
       Confused          |       |       |       |     5 ||     5
  Eat: Ration            |       |       |     1 |     1 ||     2
       Chunk             |       |       |       |     2 ||     2
Armor: Robe              |       |     4 |     3 |       ||     7
       Scale mail        |       |       |     5 |     2 ||     7
       Plate armour      |       |       |       |    86 ||    86
Dodge: Dodged            |     2 |     9 |    30 |    99 ||   140
Block: Shield            |     5 |    18 |    45 |   182 ||   250
       Rpst.: Long sword |       |     1 |     7 |    35 ||    43

Table legend:
 A = Non-vault XP
 B = Vault XP
 C = Vault XP percentage of total XP
 D = Non-vault monster count
 E = Vault monster count
 F = Vault count percentage of total count
                 A         B        C        D         E       F
            +---------+---------+-------+---------+---------+-------
      Total |       0 |   15210 | 100.0 |       0 |      97 | 100.0
            +---------+---------+-------+---------+---------+-------
          D |       0 |   15210 | 100.0 |       0 |      97 | 100.0
            +---------+---------+-------+---------+---------+-------
